 Dungeon Crawl Stone Soup version 0.20-a0-370-gd6af2a4 (webtiles) character file.

16097 terra53 the Thaumaturge (level 12, -12/47 HPs)
             Began as a Gargoyle Conjurer on Dec 28, 2016.
             Was an Initiate of Gozag.
             Mangled by a tentacled starspawn (19 damage)
             ... on level 1 of the Abyss.
             The game lasted 01:29:59 (13168 turns).

terra53 the Thaumaturge (Gargoyle Conjurer)        Turns: 13168, Time: 01:30:01

Health: -12/47     AC: 20    Str: 14 (16) XL:     12   Next: 33%
Magic:  32/32      EV: 17    Int: 16 (17) God:    Gozag
Gold:   123        SH:  0    Dex: 14 (15) Spells: 14/38 levels left

rFire  + . .     SeeInvis .     d - +11 flail of the Foot {crush, rN+}
rCold  + + .     Gourm    .     L - +1 leather armour "Xebicky" {Str+4 Dex+4}
rNeg   + + .     Faith    .     (no shield)
rPois  ∞         Spirit   .     a - +1 helmet of Gisogg {rC+}
rElec  +         Reflect  .     N - +0 cloak
rCorr  +         Harm     .     (no gloves)
MR     .....                    Q - +2 pair of boots
Stlth  +++.......               p - amulet of regeneration
                                W - +3 ring of protection
                                i - ring of magical power

@: agile, resistant
A: clumsy 2, deformed body, dopey 2, frail 2, low mp 2, negative energy
resistance 1, electricity resistance, unbreathing, petrification resistance, no
potion heal 2, rot immunity, subdued magic 2, AC +8
a: Potion Petition, Call Merchant, Bribe Branch, Renounce Religion


You were on level 1 of the Abyss.
You worshipped Gozag.
Gozag was aware of your devotion.
You were not hungry.

You visited 4 branches of the dungeon, and saw 13 of its levels.
You visited the Abyss 1 time.
You also visited: Sewer.

You collected 2465 gold pieces.
You spent 1128 gold pieces at shops.
You paid 1214 gold pieces to Gozag.

Inventory:

Hand Weapons
 d - the +11 flail of the Foot (weapon) {crush, rN+}
   (You found it on level 7 of the Dungeon)

   It inflicts extra damage upon your enemies.
   It protects you from negative energy.
 J - a +2 mace of protection
Armour
 a - the +1 helmet of Gisogg (worn) {rC+}
   (You bought it in a shop on level 7 of the Dungeon)

   It protects you from cold.
 L - the +1 leather armour "Xebicky" (worn) {Str+4 Dex+4}
   (You found it on level 4 of the Dungeon)

   It affects your strength (+4).
   It affects your dexterity (+4).
 N - a +0 cloak (worn)
 Q - a +2 pair of boots (worn)
Jewellery
 i - a ring of magical power (left hand)
 k - an uncursed ring of flight
 l - a +4 ring of intelligence {unknown}
 p - an amulet of regeneration (around neck)
 R - a +3 amulet of reflection
 T - an uncursed ring of protection from fire
 W - a +3 ring of protection (right hand)
Wands
 n - a wand of polymorph (7/24)
 u - a wand of disintegration (8/24)
 Y - a wand of flame (29/48)
Scrolls
 e - 2 scrolls of fear
 o - 3 scrolls of magic mapping
 r - a scroll of immolation
 t - a scroll of fog {unknown}
 v - 3 scrolls of recharging
 y - 2 scrolls of identify
 D - 5 scrolls of remove curse
 F - 2 scrolls of amnesia {unknown}
 P - 2 scrolls of blinking
 U - a scroll of random uselessness
 Z - a scroll of enchant weapon {unknown}
Potions
 f - a potion of might
 j - 3 potions of curing
 m - a potion of cure mutation
 s - 4 potions of berserk rage
 x - a potion of resistance
 z - a potion of agility
 A - 5 potions of degeneration
 C - 2 potions of flight
 E - 4 potions of lignification
 I - 2 potions of brilliance
 K - a potion of cancellation
 O - 4 potions of magic
Books
 b - a book of Conjurations

   Spells                             Type                      Level
   a - Magic Dart                     Conjuration                  1
   b - Searing Ray                    Conjuration                  2
   c - Dazzling Spray                 Conjuration/Hexes            3
   d - Fulminant Prism                Conjuration/Hexes            4
   e - Iskenderun's Mystic Blast      Conjuration                  4
   f - Iskenderun's Battlesphere      Conjuration/Charms           5
 h - a book of Beasts

   Spells                             Type                      Level
   a - Summon Butterflies             Summoning                    1
   b - Call Canine Familiar           Summoning                    3
   c - Summon Ice Beast               Ice/Summoning                4
   d - Summon Mana Viper              Hexes/Summoning              5
   e - Summon Hydra                   Summoning                    7
 S - Sif Muna's Guide on the Escort
   (You found it on level 5 of the Dungeon)

   Spells                             Type                      Level
   a - Summon Small Mammal            Summoning                    1
 V - a book of Callings

   Spells                             Type                      Level
   a - Summon Small Mammal            Summoning                    1
   b - Call Imp                       Summoning                    2
   c - Call Canine Familiar           Summoning                    3
   d - Summon Guardian Golem          Hexes/Summoning              3
   e - Summon Lightning Spire         Summoning/Air                4
   f - Summon Ice Beast               Ice/Summoning                4
Comestibles
 c - 8 bread rations


   Skills:
 - Level 1.2 Armour
 - Level 1.5 Dodging
 - Level 2.1 Stealth
 * Level 13.7 Spellcasting
 + Level 11.7 Conjurations
 - Level 1.5 Hexes
 + Level 2.2 Charms
 - Level 5.7 Summonings
 + Level 0.3 Evocations


You had 14 spell levels left.
You knew the following spells:

 Your Spells              Type           Power        Failure   Level  Hunger
a - Magic Dart            Conj           ####         0%          1    None
b - Searing Ray           Conj           ####..       1%          2    None
c - Dazzling Spray        Conj/Hex       ###...       1%          3    None
d - Iskenderun's Mystic   Conj           ####....     1%          4    ##.....
e - Fulminant Prism       Conj/Hex       ###.......   3%          4    ##.....
f - Iskenderun's Battles  Conj/Chrm      ###.....     10%         5    ####...
g - Summon Small Mammal   Summ           ###.         1%          1    None
h - Call Canine Familiar  Summ           ###.....     1%          3    None
i - Summon Butterflies    Summ           ###.....     1%          1    None


Dungeon Overview and Level Annotations

Branches:
Dungeon (10/15)            Temple (1/1) D:6            Lair (1/6) D:10
    Orc (1/2) D:9

Altars:
Ashenzari
Cheibriados
Dithmenos
Elyvilon
Fedhas
Gozag
Hepliaklqana
Kikubaaqudgha
Okawaru
Qazlal
Ru
Sif Muna
Trog
Uskayaw
Vehumet
Xom
Yredelemnul
Zin

Shops:
D:7 [   D:8 [   D:10 *

Annotations:
D:9 Wiggles's ghost, novice MiBe
D:10 Erolcha


Innate Abilities, Weirdness & Mutations

You are resistant to torment.
Your stone body is resilient. (AC +8)
You are immune to poison.
You resist negative energy. (rN+)
You are resistant to electric shocks. (rElec)
You can survive without breathing.
You are immune to petrification.
You are immune to rotting.
[You are very clumsy. (Dex -4)]
[Armour fits poorly on your strangely shaped body.]
[You are very dopey. (Int -4)]
[You are very frail. (-20% HP)]
[Your magical capacity is very low. (-20% MP)]
[Potions are poor at restoring your health.]
[Your spells are easier to cast, but less powerful.]


Message History

* * * LOW HITPOINT WARNING * * *
The tentacled starspawn engulfs you but does no damage.
Your system partially rejects the healing.
You feel much better.
The small abomination hits you but does no damage.
The tentacled starspawn barely misses you.
The tentacled starspawn engulfs you but does no damage.
It was a potion of resistance.
You feel protected.
The small abomination barely misses you. x2
The tentacled starspawn bites you but does no damage.
The tentacled starspawn engulfs you.
* * * LOW HITPOINT WARNING * * *
You feel agile all of a sudden.
You feel less invigorated.
You feel less confused.
The small abomination completely misses you.
The tentacled starspawn bites you!!
You die...
Your body crumbles into a pile of gold.

#.. .#. .. .. #
..##. ....### #
#...## ##
#@#..###
#...Xx##..## .#
#...)#5X.#..#####
..
###.###.#.#.X##.#
. ... #..#..!#.
###.. ..#.
#.#.###.#..# #...
#... ≈≈##.
.##....## ... .
##≈ .##.#.#..##
.# #. # # .....


You could see a tentacled starspawn, a large abomination, a small abomination
and a white imp.

Vanquished Creatures
  5 two-headed ogres
  Pikel (D:6)
  2 black mambas (Lair:1)
  A spiny frog (Lair:1)
  2 komodo dragons
  2 trolls (D:9)
  3 hippogriffs
  A spriggan (D:7)
  Sigmund (D:4)
  18 yaks
  2 hungry ghosts
  Grum (D:9)
  4 water moccasins
  2 porcupines (D:10)
  2 orc warriors
  3 eyes of draining
  4 sky beasts
  3 ice beasts
  2 slaves (D:6)
  4 black bears (D:10)
  5 wolves
  2 phantoms
  3 ogres
  A centaur (D:5)
  8 crocodiles
  The ghost of dogface the Magician, an amateur DEEE (D:4)
  Blork the orc (D:6)
  3 big kobolds
  13 bullfrogs
  A wyvern skeleton (D:7)
  2 scorpions
  12 killer bees
  A wight (D:7)
  2 electric eels (Lair:1)
  4 crimson imps
  A bullfrog zombie (D:9)
  4 hounds
  Crazy Yiuf (D:6)
  3 jellies
  A centaur skeleton (D:5)
  5 orc priests
  A bullfrog skeleton (D:6)
  Ijyb (D:3)
  An iguana (D:10)
  7 orc wizards
  8 worker ants
  2 hound skeletons
  A hound zombie (D:9)
  2 worker ant zombies
  3 gnolls (D:5)
  12 adders
  A shadow imp (D:9)
  3 oozes
  2 adder skeletons
  A worm (D:2)
  7 dart slugs
  11 leopard geckos
  32 orcs
  14 giant cockroaches
  7 goblins
  9 hobgoblins
  6 jackals
  20 kobolds
  6 quokkas
  5 ball pythons
  5 bats
  6 frilled lizards
  A jackal zombie (D:6)
  A leopard gecko zombie (D:5)
  A quokka skeleton (D:9)
  38 rats
  A fungus (Lair:1)
  A plant (D:10)
353 creatures vanquished.

Vanquished Creatures (others)
  A wizard (D:7)
  A centaur (D:6)
  2 fulminant prisms
  7 fungi
11 creatures vanquished.

Grand Total: 364 creatures vanquished

Notes
Turn   | Place    | Note
-------+----------+-------------------------------------------
     0 | D:1      | terra53 the Gargoyle Conjurer began the quest for the Orb.
     0 | D:1      | Reached XP level 1. HP: 10/10 MP: 3/3
   185 | D:1      | Reached XP level 2. HP: 15/15 MP: 3/5
   261 | D:1      | Reached skill level 5 in Conjurations
   425 | D:1      | Reached XP level 3. HP: 19/19 MP: 6/6
   544 | D:1      | Learned a level 2 spell: Searing Ray
   548 | D:1      | Learned a level 3 spell: Dazzling Spray
  1094 | D:2      | Reached XP level 4. HP: 24/24 MP: 7/7
  1754 | D:3      | Noticed Ijyb
  1762 | D:3      | Killed Ijyb
  1762 | D:3      | Reached XP level 5. HP: 27/28 MP: 6/9
  2605 | D:4      | Reached skill level 3 in Spellcasting
  2885 | D:4      | Noticed an ogre
  2896 | D:4      | Killed an ogre
  2896 | D:4      | Reached XP level 6. HP: 18/32 MP: 0/11
  2922 | D:4      | Reached skill level 4 in Spellcasting
  2956 | D:4      | Got a dazzling leather armour
  2967 | D:4      | Identified the +1 leather armour "Xebicky" {Str+4 Dex+4} (You found it on level 4 of the Dungeon)
  3052 | D:4      | Noticed dogface's ghost (amateur DEEE)
  3060 | D:4      | Killed dogface's ghost
  3309 | D:4      | Reached XP level 7. HP: 36/36 MP: 13/13
  3335 | D:4      | You fall through a shaft for 2 floors!
  3525 | D:6      | Reached skill level 1 in Hexes
  3614 | D:6      | Reached skill level 5 in Spellcasting
  3714 | D:6      | Found a staircase to the Ecumenical Temple.
  3733 | Temple   | Entered the Ecumenical Temple
  3798 | Temple   | Became a worshipper of Gozag Ym Sagoz the Greedy
  3983 | D:5      | Entered Level 5 of the Dungeon
  4057 | D:5      | Found a glowing drain.
  4082 | Sewer    | Entered a sewer
  4391 | Sewer    | Reached skill level 6 in Spellcasting
  4391 | Sewer    | Reached XP level 8. HP: 41/41 MP: 17/17
  5030 | D:5      | Learned a level 4 spell: Iskenderun's Mystic Blast
  5035 | D:5      | Learned a level 4 spell: Fulminant Prism
  5041 | D:5      | Learned a level 5 spell: Iskenderun's Battlesphere
  5101 | D:5      | Found an ancient bone altar of Kikubaaqudgha.
  5102 | D:5      | Found a deep blue altar of Sif Muna.
  5107 | D:5      | Found a radiant altar of Vehumet.
  5112 | D:5      | Identified Sif Muna's Guide on the Escort
  5116 | D:5      | Learned a level 1 spell: Summon Small Mammal
  5272 | D:5      | Reached skill level 7 in Spellcasting
  5502 | D:4      | Noticed Sigmund
  5512 | D:4      | Killed Sigmund
  5512 | D:4      | Reached skill level 1 in Armour
  5637 | D:6      | Noticed Pikel
  5652 | D:6      | Killed Pikel
  5652 | D:6      | Reached skill level 8 in Spellcasting
  5652 | D:6      | Reached XP level 9. HP: 36/45 MP: 11/21
  6004 | D:6      | Noticed Blork the orc
  6011 | D:6      | Killed Blork the orc
  6011 | D:6      | Reached skill level 1 in Summonings
  6467 | D:6      | Found a runed door.
  6471 | D:6      | Noticed Crazy Yiuf
  6479 | D:6      | Killed Crazy Yiuf
  6538 | D:7      | Got a brightly glowing flail
  6539 | D:7      | Identified the +11 flail of the Foot {crush, rN+} (You found it on level 7 of the Dungeon)
  6607 | D:7      | Reached skill level 9 in Spellcasting
  6814 | D:7      | Bought the +1 helmet of Gisogg {rC+} for 329 gold pieces
  7186 | D:7      | Found a bloodstained altar of Trog.
  7187 | D:7      | Noticed a wizard
  7192 | D:7      | Killed a wizard
  7419 | D:8      | Noticed a four-headed hydra
  7424 | D:8      | Noticed a two-headed ogre
  7465 | D:7      | Noticed an ettin
  7465 | D:7      | a four-headed hydra changed into an ettin
  7547 | D:6      | Reached skill level 10 in Spellcasting
  7547 | D:6      | Reached XP level 10. HP: 50/50 MP: 24/24
  7571 | D:8      | Noticed a two-headed ogre
  7621 | D:7      | Killed a two-headed ogre
  7826 | D:8      | Found Fagishro's Antique Armour Shoppe.
  7899 | D:8      | Reached skill level 10 in Conjurations
  8081 | D:8      | Killed a two-headed ogre
  8158 | D:8      | Reached skill level 11 in Spellcasting
  8333 | D:8      | Learned a level 3 spell: Call Canine Familiar
  8674 | D:9      | Noticed Wiggles's ghost (novice MiBe)
  9139 | D:9      | Noticed a two-headed ogre
  9220 | D:9      | Found a staircase to the Orcish Mines.
  9284 | Orc:1    | Entered Level 1 of the Orcish Mines
  9284 | Orc:1    | Noticed an orc knight
  9291 | Orc:1    | Noticed an orc sorcerer
  9425 | D:9      | Reached XP level 11. HP: 34/54 MP: 26/26
  9509 | D:9      | Killed a two-headed ogre
  9509 | D:9      | Reached skill level 12 in Spellcasting
  9571 | D:9      | Noticed Grum
  9576 | D:9      | Killed Grum
 10395 | D:10     | Entered Level 10 of the Dungeon
 10457 | D:10     | Found Juveicam's General Store.
 10465 | D:10     | Bought a book of Beasts for 715 gold pieces
 10465 | D:10     | Bought a slice of pizza for 19 gold pieces
 10465 | D:10     | Bought 2 fruits for 39 gold pieces
 10465 | D:10     | Bought a scroll of identify for 26 gold pieces
 10467 | D:10     | Learned a level 1 spell: Summon Butterflies
 10504 | D:10     | Noticed a two-headed ogre
 10523 | D:10     | Noticed Erolcha
 10946 | D:10     | Killed a two-headed ogre
 10964 | D:10     | Reached skill level 1 in Charms
 11094 | D:10     | Found a staircase to the Lair.
 11140 | D:10     | Noticed a two-headed ogre
 11170 | D:10     | Killed a two-headed ogre
 11170 | D:10     | Reached skill level 13 in Spellcasting
 11302 | Lair:1   | Entered Level 1 of the Lair of Beasts
 11386 | Lair:1   | Reached skill level 5 in Summonings
 11715 | Lair:1   | Reached XP level 12. HP: 59/59 MP: 29/29
 12300 | Lair:1   | Noticed a seven-headed hydra
 12541 | D:10     | Found a stormy altar of Qazlal.
 12766 | D:10     | Cast into level 1 of the Abyss (Erolcha)
 12769 | Abyss:1  | Found a corrupted altar of Lugonu.
 12797 | Abyss:1  | Noticed a bone dragon
 12813 | Abyss:1  | Noticed a wretched star
 12886 | Abyss:1  | Noticed a thrashing horror
 12906 | Abyss:1  | Noticed a brown very ugly thing
 12909 | Abyss:1  | HP: 1/47 [large abomination (28)]
 12910 | Abyss:1  | Found a corrupted altar of Lugonu.
 13039 | Abyss:1  | Noticed a hell hog
 13162 | Abyss:1  | Noticed a tentacled starspawn
 13163 | Abyss:1  | HP: 2/47 [tentacled starspawn (20)]
 13168 | Abyss:1  | Mangled by a tentacled starspawn

Vault maps used:
D:1:      zelgadis_glass_arrival_large, lemuel_old_faithful
D:2:      minmay_rats_cheesy_pizza
D:3:      uniq_iyjb
D:4:      first_bread, uniq_sigmund
D:5:      grunt_temple_overflow_magic_moments, portal_sewer_entry_f,
          minmay_hedge_maze
D:6:      uniq_blork_the_orc, uniq_pikel, uniq_crazy_yiuf_cottage
D:7:      the_bakery, trog_wizard
D:8:      minmay_curly_fans, serial_shops, nicolae_shop_statue_plus
D:9:      chequers_temple_overflow_minitemple, orc_0_dummy,
          supply_closet_lemuel, uniq_grum
D:10:     due_lair_maze_entry_diamond, serial_shops, shop, grunt_qazlal_clouds,
          uniq_erolcha, uniq_psyche
Temple:   bh_familiar_temple
Lair:1:   beast_lair_carwin_6, grunt_megastairs_3, serial_bayou_shore_a
Orc:1:    basic_altar, guppyfry_orc_lava_fort
Sewer:    sewer_frog_island_01

Skill      XL: |  1  2  3  4  5  6  7  8  9 10 11 12 |
---------------+-------------------------------------+-----
Conjurations   | 5 6 7 8 9 10 11 | 11.7
Spellcasting   | 3 4 6 8 10 11 13 | 13.7
Hexes          | 1 |  1.5
Armour         | 1 |  1.2
Summonings     | 2 3 5 |  5.7
Charms         | 1 2 |  2.2
Dodging        | |  1.5
Stealth        | |  2.1
Evocations     | |  0.3

Action                   |  1- 3 |  4- 6 |  7- 9 | 10-12 || total
-------------------------+-------+-------+-------+-------++-------
Melee: Dagger            |    68 |    74 |       |       ||   142
       Mace              |       |    36 |    45 |       ||    81
       Flail             |       |       |    44 |    96 ||   140
 Cast: Magic Dart        |    54 |    91 |   239 |   241 ||   625
       Searing Ray       |       |     2 |     7 |    25 ||    34
       Dazzling Spray    |       |    17 |    44 |   109 ||   170
       Fulminant Prism   |       |       |     2 |       ||     2
       Summon Small Mamm |       |       |     2 |     4 ||     6
       Iskenderun's Myst |       |       |     1 |    12 ||    13
       Call Canine Famil |       |       |       |    23 ||    23
       Iskenderun's Batt |       |       |       |    30 ||    30
       Summon Butterflie |       |       |       |     3 ||     3
Invok: Call Merchant     |       |       |     1 |       ||     1
       Potion Petition   |       |       |       |     3 ||     3
Evoke: Wand              |       |       |     2 |       ||     2
  Use: Potion            |       |     1 |       |    20 ||    21
       Scroll            |       |       |    18 |     7 ||    25
 Stab: Sleeping          |       |     1 |       |       ||     1
       Invisible         |       |       |     4 |     4 ||     8
  Eat: Chunk             |     1 |    10 |     2 |       ||    13
       Fruit             |       |       |     2 |     4 ||     6
       Meat ration       |       |       |     2 |     2 ||     4
       Pizza             |       |       |     1 |     1 ||     2
       Royal jelly       |       |       |     1 |       ||     1
       Bread ration      |       |       |       |     2 ||     2
Armor: Robe              |    13 |    30 |       |       ||    43
       Plate armour      |    31 |       |       |       ||    31
       Leather armour    |       |    16 |    75 |   216 ||   307
Dodge: Dodged            |    26 |    87 |   105 |   283 ||   501
